 Dungeon Crawl Stone Soup version 0.16.1-2-g95b8d4c (webtiles) character file.

46202 inmateoo the Destroyer (level 14, -13/64 HPs)
             Began as a Felid Necromancer on Mar 25, 2015.
             Was the Champion of Vehumet.
             Mangled by Rupert
             ... wielding a +0 great mace of holy wrath
              (16 damage)
             ... on level 7 of the Lair of Beasts on Mar 26, 2015.
             The game lasted 02:08:01 (42124 turns).

inmateoo the Destroyer (Felid Necromancer)         Turns: 42124, Time: 02:08:02

Health: -13/64     AC:  3    Str:  7    XL:     14   Next: 4%
Magic:  16/34      EV: 35    Int: 23    God:    Vehumet [******]
Gold:   2411       SH:  0    Dex: 24    Spells: 8 memorised, 1 level left
                                        Lives:  0   Deaths: 4

rFire  + . .     SeeInvis +       - Unarmed
rCold  + . .     Clarity  .     (armour unavailable)
rNeg   . . .     SustAb   .     (shield unavailable)
rPois  .         Gourm    .     (helmet unavailable)
rElec  .         Spirit   .     (cloak unavailable)
rCorr  .         Warding  .     (gloves unavailable)
rMut   .         Stasis   .     (boots unavailable)
MR     ++...                    z - amulet of rage
Stlth  +++++++...               Z - ring of protection from fire
                                M - +5 ring of intelligence

@: agile, very slightly contaminated, repel missiles, quick, very resistant to
hostile enchantments, extremely stealthy
A: paw claws, no armour, no weapons or thrown items, fangs 3, see invisible,
blink 1, breathe flames 1, carnivore 3, speed 1, shaggy fur 3, slow metabolism
1, strong 1, evolution 1, MP-powered wands 1, sharp paws
a: Blink, Renounce Religion, Breathe Fire, Evoke Berserk Rage


You were on level 7 of the Lair of Beasts.
You worshipped Vehumet.
Vehumet was exalted by your worship.
You were full.

You visited 5 branches of the dungeon, and saw 29 of its levels.
You also visited: Labyrinth and Volcano.

You collected 3826 gold pieces.
You spent 1415 gold pieces at shops.

Inventory:

Jewellery
 l - a cursed ring of wizardry
 s - the ring "Pnaege" {rC+ Slay+3}
   (You found it on level 6 of the Dungeon)

   [ring of protection from cold]

   It affects your accuracy and damage with ranged weapons and melee attacks
   (+3).
   It protects you from cold.
 t - an uncursed ring of protection from magic
 u - a +4 ring of protection
 z - an amulet of rage (around neck)
 A - the ring of Okoall {+/*Tele rF+ MR- Dex+2}
   (You found it on level 11 of the Dungeon)

   [ring of teleportation]

   It causes random teleportation, and can be evoked to teleport at will.
   It affects your dexterity (+2).
   It protects you from fire.
   It affects your resistance to hostile enchantments.
 G - an uncursed ring of poison resistance
 M - a +5 ring of intelligence (left paw)
 Z - a ring of protection from fire (right paw)
Magical devices
 g - a wand of teleportation (4)
 m - a wand of draining (3)
 n - a wand of fireball (6)
 p - a wand of confusion (18)
 q - a wand of fire (10)
 w - a wand of random effects (4)
 y - a wand of lightning (0)
 E - a wand of hasting (2)
 F - a wand of hasting (4)
 K - a wand of invisibility (0)
 L - a wand of heal wounds (7)
 Q - a wand of lightning (3)
 R - a wand of disintegration (11)
 S - a wand of paralysis (9)
Scrolls
 a - 4 scrolls of amnesia
 d - 3 scrolls of magic mapping
 f - 7 scrolls of remove curse
 j - 4 scrolls of recharging
 r - 3 scrolls of fog
 P - a scroll of holy word
 Y - 4 scrolls of identify
Potions
 e - 3 potions of cure mutation
 h - 7 potions of restore abilities
 i - 8 potions of resistance
 o - 3 potions of haste
 x - 3 potions of ambrosia
 D - 2 potions of magic
 H - a potion of curing
 J - a potion of flight
 W - 2 potions of might
Books
 B - a book of Annihilations

   Spells                             Type                      Level
   a - Poison Arrow                   Conjuration/Poison           6
   b - Chain Lightning                Conjuration/Air              8
   c - Lehudib's Crystal Spear        Conjuration/Earth            8
   d - Glaciate                       Conjuration/Ice              9
   e - Fire Storm                     Conjuration/Fire             9
 T - a book of Spatial Translocations

   Spells                             Type                      Level
   a - Apportation                    Translocation                1
   b - Blink                          Translocation                2
   c - Shroud of Golubria             Charms/Translocation         2
   d - Portal Projectile              Translocation                3
   e - Teleport Other                 Translocation                3
   f - Passage of Golubria            Translocation                4
Miscellaneous
 O - a lamp of fire
Comestibles
 c - 20 meat rations
 k - a beef jerky
 v - 10 royal jellies
 C - a slice of pizza


   Skills:
 - Level 9.0 Fighting
 - Level 10.0 Dodging
 - Level 10.6 Stealth
 + Level 11.2 Unarmed Combat
 + Level 10.2 Spellcasting
 * Level 12.5 Conjurations
 - Level 5.0 Charms
 - Level 4.0 Necromancy
 * Level 11.8 Fire Magic
 - Level 6.0 Earth Magic
 - Level 5.0 Evocations


You had one spell level left.
You knew the following spells:

 Your Spells              Type           Power        Failure   Level  Hunger
a - Flame Tongue          Conj/Fire      #####        1%          1    None
b - Regeneration          Chrm/Necr      ####......   2%          3    None
c - Conjure Flame         Conj/Fire      ######..     1%          3    None
d - Bolt of Fire          Conj/Fire      ######....   2%          6    ######.
e - Iron Shot             Conj/Erth      ######....   5%          6    ######.
f - Bolt of Magma         Conj/Fire/Erth ######....   1%          5    ####...
g - Deflect Missiles      Chrm/Air       ###.......   100%        6    ######.
h - Repel Missiles        Chrm/Air       ###...       2%          2    None


Dungeon Overview and Level Annotations

Branches:
Dungeon (15/15)            Temple (1/1) D:4            Lair (8/8) D:10
 Shoals (0/5) Lair:4        Snake (1/5) Lair:3        Slime (0/6) Lair:8
    Orc (4/4) D:12            Elf (0/3) Orc:4        Vaults (0/5) D:13
 Depths (0/5) D:15

Altars:
Ashenzari
Cheibriados
Dithmenos
Elyvilon
Fedhas
Gozag
Kikubaaqudgha
Makhleb
Nemelex Xobeh
Okawaru
Qazlal
Ru
Sif Muna
Trog
Vehumet
Xom
Yredelemnul
Zin
The Shining One
Beogh
Jiyva

Shops:
D:5 (   D:12 (   Orc:2 ?   Orc:4 %=*[(

Annotations:
D:3 exclusion: door
D:8 exclusion: door
Lair:7 Rupert
Orc:1 1 exclusion


Innate Abilities, Weirdness & Mutations

You cannot wear armour.
You are incapable of wielding weapons or throwing items.
You have razor-sharp teeth.
You have supernaturally acute eyesight.
You are carnivorous and can eat meat at any time.
You cover ground quickly.
Your thick and shaggy fur keeps you warm (AC +3, rC+).
You have a slow metabolism.
Your paws have sharp claws that are effective at stabbing.
You can translocate small distances at will.
You can breathe flames.
Your muscles are strong. (Str +2)
You evolve.
You expend magic power (3 MP) to slightly strengthen your wands.


Message History

Casting: Iron Shot
Confirm with . or Enter, or press ? or * to list all spells.
Aiming: Iron Shot
Press: ? - help, Shift-Dir - straight line, f/p - Rupert
Aim: Rupert, wielding a great mace of holy wrath and wearing a glowing chain mail (heavily wounded, berserk, fast, unusually strong)
The iron shot hits Rupert.
Rupert is severely wounded.
Rupert hits you with a great mace of holy wrath!!
* * * LOW HITPOINT WARNING * * *
Unknown command.
Unknown command.
Casting: Iron Shot
Confirm with . or Enter, or press ? or * to list all spells.
Aiming: Iron Shot
Press: ? - help, Shift-Dir - straight line, f/p - Rupert
Aim: Rupert, wielding a great mace of holy wrath and wearing a glowing chain mail (severely wounded, berserk, fast, unusually strong)
The iron shot hits Rupert.
Rupert is almost dead.
Rupert hits you with a great mace of holy wrath!
You die...

.....# #.......#
....P# #.....)##
.....#### ##....>.#
........###.#.....##
...................#
..................##
..................#
.......>..........#
..........##P..@@.#
.....########....##
....P# #P.....#
....## ##....?.#
....## #...^...#
.....# ##.....##
....### ##....##
......## ###......##
....##.###.........#


You could see Rupert (berserk).

Vanquished Creatures
  An orc warlord (Orc:4)
  The ghost of magipi the Spear-Bearer, a powerful CeGl of Fedhas (Lair:2)
  A minotaur (Lab)
  A fire dragon (Lair:8)
  8 vault guards (D:13)
  The ghost of Thomus the Cleaver, a powerful HOFi of Okawaru (Orc:2)
  6 hydras
  Harold (D:11)
  3 anacondas (Snake:1)
  9 death yaks
  4 orc high priests (Orc:4)
  Urug (Orc:2)
  4 unseen horrors
  5 hill giants
  An ice statue (D:11)
  5 orc knights
  A necromancer (D:15)
  Pikel (D:6)
  A lindwurm (Lair:6)
  2 wizards (D:15)
  A wolf spider (shapeshifter) (D:14)
  4 orc sorcerers (Orc:4)
  A cyclops (D:15)
  13 ugly things
  4 griffons
  3 elephants (Lair:8)
  2 gargoyles (D:12)
  Maurice (Orc:3)
  A centaur zombie (D:15)
  Joseph (D:7)
  10 spiny frogs
  3 naga magi
  A torpor snail (Lair:6)
  11 komodo dragons
  9 black mambas
  Psyche (Orc:2)
  7 centaur skeletons
  4 fire drakes
  7 trolls
  2 polar bears
  A two-headed ogre (D:6)
  A snapping turtle (Lair:4)
  28 blink frogs
  A centaur simulacrum (D:11)
  4 basilisks
  A wraith (D:10)
  3 deep elf magi
  55 yaks
  A shadow (D:11)
  A spriggan (shapeshifter) (D:14)
  8 hippogriffs
  Eustachio (D:7)
  4 vampire mosquitoes (D:15)
  A wyvern (D:9)
  6 steam dragons
  Grum (D:13)
  2 hungry ghosts
  2 vampires (Volcano)
  4 mottled dragons
  Edmund (D:4)
  Menkaure (D:4)
  8 wargs
  27 water moccasins
  13 wolves
  4 ice beasts
  12 ogres
  10 porcupines
  2 black bears (D:10)
  2 phantoms (D:7)
  2 swamp drakes (Lair:8)
  40 orc warriors
  2 sky beasts
  3 necrophages
  2 boring beetles
  2 centaurs
  4 boggarts (D:15)
  16 crocodiles
  A brain worm (D:14)
  Duvessa (D:8)
  A big kobold (D:11)
  24 giant frogs
  Blork the orc (D:4)
  A wyvern zombie (D:15)
  7 scorpions
  22 killer bees
  A wyvern skeleton (D:12)
  10 wights
  7 jellies
  A troll skeleton (D:12)
  Dowan (D:8)
  A crimson imp (D:14)
  6 electric eels
  2 giant frog skeletons
  3 giant frog zombies
  13 hounds
  5 human zombies (D:12)
  35 orc priests
  3 human skeletons (D:12)
  45 orc wizards
  3 quasits
  6 worker ants
  13 iguanas
  2 killer bee zombies (D:9)
  12 sheep
  3 mummies
  2 hound zombies
  10 gnolls
  26 adders
  31 river rats
  5 shadow imps
  2 worms
  5 adder skeletons
  2 adder zombies (D:9)
  4 giant geckos
  6 oozes
  214 orcs
  4 ball pythons
  9 bats
  9 giant cockroaches
  17 goblins
  18 hobgoblins
  12 jackals
  15 kobolds
  14 quokkas
  A giant gecko skeleton (D:8)
  5 giant newts
  3 giant spores
  2 jackal skeletons
  A quokka skeleton (D:8)
  A quokka zombie (D:7)
  13 rats
  5 ballistomycetes
  4 plants
1089 creatures vanquished.

Vanquished Creatures (collateral kills)
  A death yak (Lair:8)
  A spiny frog (Lair:5)
  2 blink frogs (Lair:5)
  6 yaks (Lair:3)
  2 orcs (Orc:2)
12 creatures vanquished.

Vanquished Creatures (others)
  A troll (D:15)
  A fire elemental (Lair:8)
  A porcupine (Lair:5)
  A crocodile (Lair:3)
  An iguana (D:6)
  3 sheep
  An orc (Orc:4)
  11 fungi
  3 plants
23 creatures vanquished.

Grand Total: 1124 creatures vanquished

Notes
Turn   | Place    | Note
--------------------------------------------------------------
     0 | D:1      | inmateoo, the Felid Necromancer, began the quest for the Orb.
     0 | D:1      | Reached XP level 1. HP: 7/7 MP: 4/4
    77 | D:1      | Reached skill level 1 in Unarmed Combat
   415 | D:1      | Reached XP level 2. HP: 7/11 MP: 2/5
  1296 | D:1      | Reached XP level 3. HP: 14/14 MP: 8/8
  1414 | D:1      | Learned a level 3 spell: Regeneration
  2314 | D:2      | Reached XP level 4. HP: 14/18 MP: 5/10
  2660 | D:3      | Found an ancient bone altar of Kikubaaqudgha.
  2767 | D:3      | Reached XP level 5. HP: 15/21 MP: 7/12
  2874 | D:3      | Reached skill level 5 in Unarmed Combat
  2879 | D:3      | Found a roughly hewn altar of Beogh.
  3545 | D:3      | Reached skill level 6 in Unarmed Combat
  3545 | D:3      | Gained mutation: You are covered in thick fur (AC +2). [growing up]
  3545 | D:3      | Reached XP level 6. HP: 12/24 MP: 2/14
  4301 | D:4      | Killed from afar by an orc priest
  4302 | D:4      | Reached XP level 5. HP: 0/21 MP: 12/12
  4306 | D:4      | Found a staircase to the Ecumenical Temple.
  4333 | Temple   | Entered the Ecumenical Temple
  4355 | Temple   | Became a worshipper of Vehumet
  4452 | D:4      | Noticed Edmund
  4619 | D:4      | Killed Edmund
  4619 | D:4      | Reached skill level 7 in Unarmed Combat
  4619 | D:4      | Reached XP level 6. HP: 24/24 MP: 5/14
  4869 | D:4      | Found a shadowy altar of Dithmenos.
  4917 | D:4      | Noticed Menkaure
  4918 | D:5      | Entered Level 5 of the Dungeon
  4928 | D:5      | Found a shimmering altar of Xom.
  5110 | D:5      | Reached skill level 8 in Unarmed Combat
  5270 | D:5      | Acquired Vehumet's first power
  5270 | D:5      | Offered knowledge of Flame Tongue by Vehumet.
  5275 | D:5      | Learned a level 1 spell: Flame Tongue
  5498 | D:5      | Reached XP level 7. HP: 22/28 MP: 3/17
  5715 | D:5      | Found Braucsue's Weapon Shoppe.
  5787 | D:5      | Found a glowing golden altar of the Shining One.
  5876 | D:5      | Reached skill level 1 in Fighting
  6391 | D:6      | Noticed a two-headed ogre
  6519 | D:6      | Killed a two-headed ogre
  6519 | D:6      | Reached XP level 8. HP: 28/34 MP: 13/20
  6707 | D:6      | Reached skill level 5 in Stealth
  6723 | D:6      | Offered knowledge of Throw Flame by Vehumet.
  6740 | D:6      | Learned a level 2 spell: Throw Flame
  6801 | D:6      | Got a glittering copper ring
  6802 | D:6      | Identified the ring "Pnaege" {rC+ Slay+3} (You found it on level 6 of the Dungeon)
  6876 | D:6      | Reached skill level 5 in Dodging
  6969 | D:6      | Noticed Pikel
  7023 | D:6      | Killed Pikel
  7247 | D:6      | Found a white marble altar of Elyvilon.
  7346 | D:7      | Noticed Joseph
  7638 | D:7      | Found an iron altar of Okawaru.
  7657 | D:7      | Noticed Eustachio
  7676 | D:7      | Killed Eustachio
  7676 | D:7      | Reached XP level 9. HP: 27/39 MP: 16/23
  7701 | D:7      | Found a glowing silver altar of Zin.
  8003 | D:7      | Offered knowledge of Inner Flame by Vehumet.
  8243 | D:8      | Noticed Dowan
  8552 | D:8      | Found a stormy altar of Qazlal.
  8897 | D:9      | Found a blossoming altar of Fedhas.
  8906 | D:9      | Found a basalt altar of Yredelemnul.
  8965 | D:9      | Reached skill level 1 in Conjurations
  9064 | D:9      | Acquired Vehumet's second power
  9407 | D:9      | Offered knowledge of Conjure Flame by Vehumet.
  9412 | D:9      | Learned a level 3 spell: Conjure Flame
  9606 | D:9      | Reached XP level 10. HP: 40/40 MP: 20/25
  9611 | D:9      | Reached skill level 5 in Fighting
  9729 | D:9      | Reached skill level 5 in Fire Magic
  9731 | D:9      | Found a shattered altar of Ashenzari.
  9745 | D:9      | Found a deep blue altar of Sif Muna.
  9793 | D:9      | Reached skill level 5 in Spellcasting
  9903 | D:9      | Acquired Vehumet's third power
 10017 | D:10     | Entered Level 10 of the Dungeon
 10046 | D:10     | Offered knowledge of Bolt of Magma by Vehumet.
 10055 | D:10     | Learned a level 5 spell: Bolt of Magma
 10128 | D:10     | Noticed a white ugly thing
 10311 | D:10     | Killed a white ugly thing
 10355 | D:10     | Gained mutation: You are weak. (Str -2) [mutagenic meat]
 10660 | D:10     | Found a staircase to the Lair.
 11087 | D:10     | Reached skill level 9 in Stealth
 11087 | D:10     | Reached skill level 5 in Conjurations
 11238 | D:11     | Noticed an ice statue
 11876 | D:11     | Reached XP level 11. HP: 42/44 MP: 27/27
 12272 | D:11     | Noticed a green ugly thing
 12434 | D:11     | Killed a green ugly thing
 12830 | D:11     | Noticed Harold
 13445 | D:11     | Killed Harold
 13765 | D:12     | Found Strised's Weapon Emporium.
 13780 | D:12     | Reached skill level 1 in Earth Magic
 13972 | D:12     | Noticed an unseen horror
 13986 | D:12     | Killed an unseen horror
 14166 | D:12     | Gained mutation: Your magical capacity is low (-10% MP). [mutagenic meat]
 14277 | D:12     | Gained mutation: You evolve. [mutagenic meat]
 14278 | D:12     | Gained mutation: Your body is slowly deteriorating. [mutagenic meat]
 14408 | D:12     | Reached skill level 10 in Stealth
 14576 | D:12     | Found a staircase to the Orcish Mines.
 14678 | D:12     | Found a basalt altar of Yredelemnul.
 14741 | D:12     | Noticed a hill giant
 14745 | D:12     | Killed a hill giant
 15247 | Lair:1   | Entered Level 1 of the Lair of Beasts
 15662 | Lair:1   | Gained mutation: Your thick and shaggy fur keeps you warm (AC +3, rC+). [growing up]
 15662 | Lair:1   | Reached XP level 12. HP: 46/48 MP: 12/26
 16809 | Lair:2   | Noticed magipi's ghost (powerful CeGl)
 16856 | Lair:2   | HP: 2/48 [wolf (5)]
 16945 | Lair:2   | Found a labyrinth entrance.
 16964 | Lab      | Entered a labyrinth
 17776 | Lab      | Noticed a minotaur
 17780 | Lab      | Killed a minotaur
 17780 | Lab      | Reached skill level 10 in Dodging
 17975 | Lair:2   | Offered knowledge of Ignite Poison by Vehumet.
 18087 | Lair:2   | Killed magipi's ghost
 18916 | Lair:3   | Found a dark tunnel.
 18926 | Volcano  | Entered a volcano
 19475 | Lair:3   | Found a staircase to the Snake Pit.
 19527 | Lair:3   | Gained mutation: You are resistant to hostile enchantments. [evolution]
 20465 | Lair:4   | Found a staircase to the Shoals.
 21325 | Lair:5   | Lost mutation: You are weak. (Str -2) [evolution]
 21648 | Lair:5   | Reached XP level 13. HP: 55/55 MP: 27/27
 21797 | Lair:5   | Found a shadowy altar of Dithmenos.
 21843 | Lair:5   | Offered knowledge of Olgreb's Toxic Radiance by Vehumet.
 22904 | Lair:6   | Reached skill level 10 in Fire Magic
 23701 | Lair:7   | Noticed Rupert
 24737 | Lair:8   | Entered Level 8 of the Lair of Beasts
 24967 | Lair:8   | Reached skill level 10 in Conjurations
 25071 | Lair:8   | Found a viscous altar of Jiyva.
 25072 | Lair:8   | Found a staircase to the Slime Pits.
 26524 | Lair:8   | Mangled by a spiny frog
 26525 | Lair:8   | Reached XP level 12. HP: -12/81 MP: 21/27
 26552 | Lair:8   | Reached skill level 1 in Charms
 26552 | Lair:8   | Reached XP level 13. HP: 57/57 MP: 16/28
 26570 | Lair:8   | Reached skill level 1 in Evocations
 26580 | Lair:8   | Offered knowledge of Iron Shot by Vehumet.
 26598 | Lair:8   | Learned a level 6 spell: Iron Shot
 27689 | Lair:8   | Slain by a fire dragon
 27690 | Lair:8   | Reached XP level 12. HP: -1/55 MP: 18/27
 27706 | Lair:8   | Identified the Disquisition on Flying Enhancements (You found it on level 8 of the Lair of Beasts)
 28359 | D:8      | Noticed Duvessa
 28362 | D:8      | Killed Duvessa
 28365 | D:8      | Killed Dowan
 28489 | D:7      | Killed Joseph
 28685 | D:5      | Gained mutation: Your magical capacity is very low (-20% MP). [evolution]
 28736 | D:4      | Noticed Blork the orc
 28747 | D:4      | Killed Blork the orc
 28799 | D:4      | Offered knowledge of Spellforged Servitor by Vehumet.
 28851 | D:4      | Killed Menkaure
 29138 | D:1      | Learned a level 6 spell: Deflect Missiles
 29488 | D:11     | Killed an ice statue
 29497 | D:11     | Got a wavering lead ring
 29498 | D:11     | Identified the ring of Okoall {+/*Tele rF+ MR- Dex+2} (You found it on level 11 of the Dungeon)
 29562 | D:13     | Found an ancient bone altar of Kikubaaqudgha.
 29604 | D:13     | Reached skill level 10 in Unarmed Combat
 29750 | D:13     | Reached skill level 11 in Conjurations
 29882 | D:13     | Reached XP level 13. HP: 58/58 MP: 5/25
 29973 | D:13     | Found a gate to the Vaults.
 29973 | D:13     | Noticed a vault guard
 29973 | D:13     | Noticed a vault guard
 29973 | D:13     | Noticed a vault guard
 29973 | D:13     | Noticed a vault guard
 29974 | D:13     | Noticed a vault guard
 29974 | D:13     | Noticed a vault guard
 29975 | D:13     | Noticed a vault guard
 29976 | D:13     | Noticed a vault guard
 29980 | D:13     | Killed a vault guard
 30087 | Orc:1    | Entered Level 1 of the Orcish Mines
 30716 | Orc:2    | Noticed Urug
 31026 | Orc:2    | Noticed Thomus' ghost (powerful HOFi)
 31032 | Orc:2    | Killed Urug
 31298 | Orc:2    | Learned a level 2 spell: Repel Missiles
 31837 | Orc:2    | Killed Thomus' ghost
 31837 | Orc:2    | Reached skill level 5 in Earth Magic
 32066 | Orc:3    | Found a shimmering altar of Xom.
 32127 | Orc:2    | Found Azidyro's Magic Scroll Emporium.
 32353 | Orc:2    | Offered knowledge of Ozocubu's Refrigeration by Vehumet.
 32385 | Orc:2    | Bought 2 scrolls of fog for 56 gold pieces
 32385 | Orc:2    | Bought a scroll of fear for 49 gold pieces
 32422 | Orc:2    | Noticed Psyche
 32433 | Orc:2    | Killed Psyche
 32454 | Orc:2    | You fall through a shaft!
 32859 | Orc:3    | Noticed Maurice
 32867 | Orc:3    | Killed Maurice
 33345 | Orc:3    | Lost mutation: Your body is slowly deteriorating. [evolution]
 33541 | Orc:4    | Entered Level 4 of the Orcish Mines
 33575 | Orc:3    | Offered knowledge of Conjure Ball Lightning by Vehumet.
 33808 | Orc:4    | Found a staircase to the Elven Halls.
 35083 | Orc:4    | Noticed an orc warlord
 35113 | Orc:4    | Killed an orc warlord
 35685 | Orc:4    | Reached skill level 5 in Evocations
 35705 | Orc:4    | Found Lotuyd's Food Boutique.
 35876 | Orc:4    | Reached skill level 5 in Charms
 36030 | Orc:4    | Found Vadior's Antique Armour Emporium.
 36031 | Orc:4    | Found Vofi's Antique Weapon Shoppe.
 36032 | Orc:4    | Found Osafuang's General Store.
 36032 | Orc:4    | Found Skosk's Jewellery Emporium.
 36049 | Orc:4    | Bought a wand of teleportation (4) for 384 gold pieces
 36068 | Orc:4    | Bought an uncursed ring of protection from magic for 350 gold pieces
 36068 | Orc:4    | Bought a +5 ring of intelligence for 576 gold pieces
 36427 | D:13     | Killed a vault guard
 36427 | D:13     | Killed a vault guard
 36434 | D:13     | Killed a vault guard
 36434 | D:13     | Reached XP level 14. HP: 30/63 MP: 13/26
 36435 | D:13     | HP: 3/63 [vault guard/great sword (28)]
 36511 | D:13     | Killed a vault guard
 36574 | D:13     | Killed a vault guard
 36574 | D:13     | Offered knowledge of Bolt of Fire by Vehumet.
 36599 | D:13     | Learned a level 6 spell: Bolt of Fire
 36636 | D:13     | Killed a vault guard
 36650 | D:13     | Gained mutation: Your body is misshapen. [evolution]
 36896 | D:13     | Noticed Grum
 36905 | D:13     | Killed Grum
 36921 | D:13     | Killed a vault guard
 37287 | D:13     | Lost mutation: You are resistant to hostile enchantments. [potion of mutation]
 37287 | D:13     | Gained mutation: Your muscles are strong. (Str +2) [potion of mutation]
 37287 | D:13     | Gained mutation: You are clumsy. (Dex -2) [potion of mutation]
 37872 | D:14     | Gained mutation: You can spit poison. [mutagenic meat]
 37875 | D:14     | Lost mutation: Your muscles are strong. (Str +2) [mutagenic meat]
 37881 | D:14     | Gained mutation: You are partially covered in yellow scales (AC +2). [mutagenic meat]
 37883 | D:14     | Gained mutation: Your magical capacity is extremely low (-30% MP). [mutagenic meat]
 38406 | D:14     | Gained mutation: You can translocate small distances at will. [mutagenic meat]
 38407 | D:14     | Gained mutation: You occasionally shout uncontrollably at your foes. [mutagenic meat]
 38408 | D:14     | Lost mutation: You are partially covered in yellow scales (AC +2). [potion of cure mutation]
 38408 | D:14     | Lost mutation: You are clumsy. (Dex -2) [potion of cure mutation]
 38408 | D:14     | Lost mutation: Your body is misshapen. [potion of cure mutation]
 38409 | D:14     | Lost mutation: Your magical capacity is extremely low (-30% MP). [potion of cure mutation]
 38409 | D:14     | Lost mutation: Your magical capacity is very low (-20% MP). [potion of cure mutation]
 38409 | D:14     | Lost mutation: You can spit poison. [potion of cure mutation]
 38409 | D:14     | Lost mutation: Your magical capacity is low (-10% MP). [potion of cure mutation]
 38409 | D:14     | Lost mutation: You occasionally shout uncontrollably at your foes. [potion of cure mutation]
 38552 | D:15     | Entered Level 15 of the Dungeon
 38957 | D:15     | Reached skill level 12 in Conjurations
 39203 | D:15     | Offered knowledge of Lehudib's Crystal Spear by Vehumet.
 39203 | D:15     | Offered knowledge of Shatter by Vehumet.
 39203 | D:15     | Offered knowledge of Tornado by Vehumet.
 39343 | D:15     | Gained mutation: You expend magic power (3 MP) to slightly strengthen your wands. [mutagenic meat]
 39344 | D:15     | Gained mutation: You can breathe flames. [mutagenic meat]
 39970 | D:15     | Reached skill level 10 in Spellcasting
 40393 | D:15     | Found a staircase to the Depths.
 40792 | D:12     | Noticed a hill giant
 40953 | Snake:1  | Entered Level 1 of the Snake Pit
 41086 | Snake:1  | Found a glowing golden altar of the Shining One.
 41230 | Snake:1  | Slain by an anaconda
 41231 | Snake:1  | Reached XP level 13. HP: 0/59 MP: 14/33
 41710 | Lair:8   | Gained mutation: Your muscles are strong. (Str +2) [evolution]
 41953 | Lair:8   | Reached XP level 14. HP: 64/64 MP: 21/34
 42113 | Lair:7   | Paralysed by Rupert for 5 turns
 42123 | Lair:7   | HP: 3/64 [Rupert/great mace of holy wrath (28)]
 42124 | Lair:7   | Mangled by Rupert

Action                   |  1- 3 |  4- 6 |  7- 9 | 10-12 | 13-15 || total
-------------------------+-------+-------+-------+-------+-------++-------
Melee: Unarmed           |    68 |   190 |   311 |   721 |  1201 ||  2491
 Cast: Pain              |    37 |    82 |    49 |       |       ||   168
       Regeneration      |     4 |    40 |    43 |    54 |   115 ||   256
       Flame Tongue      |       |     4 |    13 |   322 |   272 ||   611
       Throw Flame       |       |       |     6 |     3 |       ||     9
       Conjure Flame     |       |       |     2 |    52 |    93 ||   147
       Bolt of Magma     |       |       |       |   107 |   224 ||   331
       Iron Shot         |       |       |       |     1 |    32 ||    33
       Repel Missiles    |       |       |       |       |     4 ||     4
       Bolt of Fire      |       |       |       |       |     2 ||     2
Evoke: Wand              |       |       |     2 |     8 |    13 ||    23
       Lamp of fire      |       |       |       |     1 |     1 ||     2
  Use: Scroll            |     8 |     2 |     4 |    20 |    15 ||    49
       Potion            |       |     1 |     1 |     5 |    16 ||    23
 Stab: Sleeping          |     6 |     8 |    15 |    60 |    46 ||   135
       Distracted        |       |     1 |       |     3 |    12 ||    16
       Invisible         |       |       |       |     2 |     4 ||     6
       Confused          |       |       |       |       |     1 ||     1
  Eat: Chunk             |     8 |    18 |    16 |    71 |   117 ||   230
       Beef jerky        |       |       |       |     6 |       ||     6
       Pizza             |       |       |       |       |     4 ||     4
       Royal jelly       |       |       |       |       |     1 ||     1
